 Seeded DCSS version 0.24.0 (webtiles) character file.

Game seed: 84692282672, levelgen mode: deterministic

67 Kranky the Poker (level 4, 0/35 (36) HPs)
             Began as a Centaur Chaos Knight on Aug 13, 2020.
             Was a Plaything of Xom.
             Succumbed to an adder's poison
             ... on level 2 of the Dungeon.
             The game lasted 00:07:33 (2261 turns).

Kranky the Poker (Centaur Chaos Knight)             Turns: 2261, Time: 00:07:34

HP:   0/35 (36)     AC:  7    Str: 16    XL:     4   Next: 0%
MP:   4/4           EV:  8    Int: 11    God:    Xom [......]
Gold: 62            SH:  0    Dex:  8    Spells: 3/3 levels left

rFire    . . .     SeeInvis .   a - +0 spear (chaos)
rCold    . . .     Gourm    .   (no shield)
rNeg     . . .     Faith    .   e - +2 ring mail {MR+}
rPois    .         Spirit   .   (no helmet)
rElec    .         Reflect  .   (no cloak)
rCorr    .         Harm     .   (no gloves)
MR       +....     Clarity  +   (no barding)
Stlth    ..........             (no amulet)
HPRegen  0.11/turn              (no ring)
MPRegen  0.09/turn              (no ring)

@: lethally poisoned (0 -> -18), lightly drained, very quick
A: large, hooves 3, blurry vision 1, clarity, deformed body, speed 2, frail 1,
tough skin 3
a: Renounce Religion


You were on level 2 of the Dungeon.
You worshipped Xom.
You were a very special plaything of Xom.
You were not hungry.

You visited 1 branch of the dungeon, and saw 2 of its levels.

You collected 62 gold pieces.

Inventory:

Hand Weapons
 a - a +0 spear of chaos (weapon)
 f - a +0 hunting sling
 l - a +2 whip of venom
Missiles
 g - 19 stones (quivered)
 i - 14 sling bullets
Armour
 b - a +0 chain mail of cold resistance
 e - a +2 ring mail of magic resistance (worn)
Scrolls
 d - 4 scrolls of identify {unknown}
 m - a scroll of magic mapping {unknown}
Potions
 j - a potion of haste {unknown}
 k - a potion of heal wounds {unknown}
Comestibles
 c - 2 rations


   Skills:
 + Level 3.7(3.2) Fighting
 + Level 3.9(3.4) Polearms
 - Level 1.3(0.9) Armour
 - Level 0.6(0.1) Dodging


You had 3 spell levels left.
You didn't know any spells.
Your spell library was empty.

Dungeon Overview and Level Annotations

Branches:
Dungeon (2/15)

Altars:
Ashenzari


Innate Abilities, Weirdness & Mutations

You have hooves in place of feet.
Armour fits poorly on your strangely shaped body.
You cover ground very quickly.
You have extremely tough skin. (AC +3)
Scrolls take you a little longer to read.
You possess an exceptional clarity of mind.
You are frail. (-10% HP)


Message History

The adder is almost dead.
* * * LOW HITPOINT WARNING * * *
You feel sick. The adder bites you.
* * * LOW HITPOINT WARNING * * *
You are more poisoned.
The adder poisons you! The adder bites you but does no damage.
The adder bites you.
* * * LOW HITPOINT WARNING * * *
You hit the adder.
You kill the adder!
You have reached level 4!
You feel stronger.
* * * LOW HITPOINT WARNING * * *
You feel sick. The adder barely misses you.
You miss the adder. Your kick misses the adder.
* * * LOW HITPOINT WARNING * * *
You feel sick. The adder bites you but does no damage.
You closely miss the adder.
You die...
Xom titters!

#.#.#.# #.#
#.# #.#.#.#
#.# #.# ###
#.# #≈# #.#
#≈≈##.#
#≈≈#..#
##≈≈#..# #
#≈≈≈#..#
#.≈#≈≈≈#@.#
#.≈≈≈≈≈#§S#
....≈≈≈§..#
#..≈≈≈§○§.#
......#
...≈≈≈≈≈..#
......+
..≈≈≈≈≈...#
......#
#.≈≈≈≈≈P..#
......+
...≈≈≈≈...#
......#
...≈≈≈≈≈..#


You could see an adder.

Vanquished Creatures
  4 adders (D:2)
  2 dart slugs
  3 bats
  A giant cockroach (D:1)
  5 goblins (D:1)
  2 hobgoblins (D:1)
  5 kobolds
  3 frilled lizards
  8 rats
33 creatures vanquished.

Notes
Turn   | Place    | Note
-------+----------+-------------------------------------------
     0 | D:1      | Kranky the Centaur Chaos Knight began the quest for the
                  | Orb.
     0 | D:1      | Reached XP level 1. HP: 19/19 MP: 1/1
   144 | D:1      | XOM: silly message
   167 | D:1      | XOM: mild Chrm miscast
   168 | D:1      | Reached XP level 2. HP: 26/26 MP: 2/2
   171 | D:1      | XOM: harmless Chrm miscast
   278 | D:1      | XOM: medium Tmut miscast
   337 | D:1      | XOM: draining
   641 | D:1      | XOM: summons 1 hostile demon
   713 | D:1      | XOM: summons 1 hostile demon
  1340 | D:2      | XOM: summons 1 hostile demon
  1403 | D:2      | Reached XP level 3. HP: 22/31 MP: 3/3
  1428 | D:2      | XOM: medium Pois miscast
  1851 | D:2      | XOM: mild Necr miscast
  1889 | D:2      | Found a shattered altar of Ashenzari.
  1999 | D:2      | XOM: smoke on damage
  2025 | D:2      | XOM: give mutations
  2025 | D:2      | Gained mutation: Scrolls take you a little longer to read.
                  | [Xom's mischief]
  2025 | D:2      | Gained mutation: You are frail. (-10% HP) [Xom's mischief]
  2025 | D:2      | Gained mutation: You possess an exceptional clarity of
                  | mind. [Xom's mischief]
  2026 | D:2      | XOM: 4-stop teleportation journey
  2250 | D:2      | XOM: smoke on damage
  2259 | D:2      | Reached XP level 4. HP: 4/35 MP: 4/4
  2260 | D:2      | HP: 1/35 [poisoned by an adder]
  2261 | D:2      | Succumbed to an adder's poison

Levels and vault maps discovered:
D:1:      dpeg_arrival_ternary, layout_basic
D:2:      layout_basic, chequers_big_river, st_stairs_8, evilmike_ruin_ashenzari
